 Dungeon Crawl Stone Soup version 0.21-a0-442-g848f44b (webtiles) character file.

65 Gildeon the Magician (level 3, -1/19 HPs)
             Began as a Deep Elf Fire Elementalist on Nov 16, 2017.
             Slain by a gnoll
             ... wielding a +1 spear of freezing
              (2 damage)
             ... on level 2 of the Dungeon.
             The game lasted 00:14:20 (1836 turns).

Gildeon the Magician (Deep Elf Fire Elementalist)   Turns: 1836, Time: 00:14:21

Health: -1/19      AC:  2    Str:  6    XL:     3   Next: 94%
Magic:  1/11       EV: 13    Int: 19    God:
Gold:   69         SH:  0    Dex: 15    Spells: 3/12 levels left

rFire    . . .     SeeInvis .   i - +0 dagger
rCold    . . .     Gourm    .   (no shield)
rNeg     . . .     Faith    .   a - +0 robe
rPois    .         Spirit   .   (no helmet)
rElec    .         Reflect  .   (no cloak)
rCorr    .         Harm     .   (no gloves)
MR       .....                  (no boots)
Stlth    ++........             (no amulet)
HPRegen  0.06/turn              (no ring)
MPRegen  0.12/turn              (no ring)

@: no status effects
A: no striking features
a: no special abilities


You were on level 2 of the Dungeon.
You were not hungry.

You visited 1 branch of the dungeon, and saw 2 of its levels.

You collected 69 gold pieces.

Inventory:

Hand Weapons
 i - a +0 dagger (weapon)
Armour
 a - a +0 robe (worn)
Potions
 e - a potion of flight
 g - a potion of degeneration {unknown}
 h - 2 potions of ambrosia {unknown}
 j - a potion of lignification {unknown}
 k - a potion of haste {unknown}
Books
 b - a book of Flames

   Spells                             Type                      Level
   a - Flame Tongue                   Conjuration/Fire             1
   b - Throw Flame                    Conjuration/Fire             2
   c - Conjure Flame                  Conjuration/Fire             3
   d - Inner Flame                    Hexes/Fire                   3
   e - Sticky Flame                   Conjuration/Fire             4
   f - Fireball                       Conjuration/Fire             5
Comestibles
 c - 5 bread rations
 d - 2 chunks of flesh
 f - a meat ration


   Skills:
 - Level 2.4 Dodging
 - Level 2.4 Stealth
 - Level 5.0 Spellcasting
 - Level 1.1 Conjurations
 + Level 4.2 Fire Magic


You had 3 spell levels left.
You knew the following spells:

 Your Spells              Type           Power        Failure   Level  Hunger
a - Flame Tongue          Conj/Fire      ##...        4%          1    None
b - Throw Flame           Conj/Fire      ##....       6%          2    #......
c - Conjure Flame         Conj/Fire      ##......     12%         3    ##.....
d - Inner Flame           Hex/Fire       ##......     16%         3    ##.....


Dungeon Overview and Level Annotations

Branches:
Dungeon (2/15)

Altars:
Vehumet


Message History

Press: ? - help, Shift-Dir - straight line, f/p - gnoll
Aim: a gnoll, wielding a spear of freezing The puff of flame hits the gnoll.
The gnoll is severely wounded.
A gnoll comes into view. It is wielding a flail.
The gnoll moves out of view.
A gnoll comes into view. It is wielding a halberd.
The gnoll moves out of view.
The gnoll hits you from afar with a spear of freezing.
The gnoll freezes you.
Casting: Throw Flame
Confirm with . or Enter, or press ? or * to list all spells.
Aiming: Conjure Flame
Press: ? - help, Dir - move target cursor, p - gnoll The fire ignites!
The gnoll hits you from afar with a spear of freezing!
Ouch! That really hurt!
* * * LOW HITPOINT WARNING * * *
The gnoll freezes you.
You die...

##.........##)......#
..........#.#.......#
...........#g.......#########
..........###...............#####
........>..#........#.##.##.##...
..............g..÷..#.##.##.##.##
.####...#####...g...#.##.......#
## #.[.# ####§####.#####.####
#...# #@# #.#####.# #...# #.#
#..>....# #...# #.# #############
#####...########.# #.....#...
...............#.# ###.....#.##
.................# #....(..#.##
...............#.#####.#.....#.##
#####...########.......#.....#...
#...# #.#######......###


You could see 2 gnolls and a hobgoblin.

Vanquished Creatures
  A gnoll (D:2)
  An adder (D:2)
  A worm (D:2)
  4 giant cockroaches (D:1)
  5 goblins
  5 hobgoblins
  3 jackals (D:1)
  9 kobolds
  A quokka (D:2)
  A ball python (D:1)
  6 bats
  2 frilled lizards
  3 rats
42 creatures vanquished.

Notes
Turn   | Place    | Note
-------+----------+-------------------------------------------
     0 | D:1      | Gildeon the Deep Elf Fire Elementalist began the quest for the Orb.
     0 | D:1      | Reached XP level 1. HP: 10/10 MP: 6/6
   355 | D:1      | Reached skill level 4 in Spellcasting
   355 | D:1      | Reached XP level 2. HP: 15/15 MP: 7/9
   369 | D:1      | Learned a level 2 spell: Throw Flame
  1122 | D:2      | Found a radiant altar of Vehumet.
  1129 | D:2      | Reached XP level 3. HP: 19/19 MP: 8/11
  1136 | D:2      | Learned a level 3 spell: Conjure Flame
  1140 | D:2      | Learned a level 3 spell: Inner Flame
  1155 | D:2      | Reached skill level 5 in Spellcasting
  1836 | D:2      | Slain by a gnoll

Vault maps used:
D:1:      dpeg_arrival_simpleton_b, minmay_misc_feat_hallway
D:2:      first_bread, lemuel_tele_altar

Skill      XL: |  1  2  3 |
---------------+----------+-----
Spellcasting   | 4 5 |  5.0
Fire Magic     | 4 |  4.2
Dodging        | |  2.4
Stealth        | |  2.4
Conjurations   | |  1.1

Action                   || total
-------------------------++-------
Melee: Dagger            ||    11
       Unarmed           ||     4
 Cast: Flame Tongue      ||    51
       Throw Flame       ||    33
       Conjure Flame     ||     2
  Use: Scroll            ||     2
  Eat: Chunk             ||     3
Armor: Robe              ||     1
Dodge: Dodged            ||    26

Table legend:
 A = Spawn XP
 B = Non-spawn XP
 C = Spawn XP percentage of total XP
 D = Spawn monster count
 E = Non-spawn monster count
 F = Spawn count percentage of total count
 G = Total turns spent on level
                    A         B        C        D         E        F      G
               +---------+---------+-------+---------+---------+-------+---------
         Total |       0 |      94 |   0.0 |       0 |      42 |   0.0 |  1836
               +---------+---------+-------+---------+---------+-------+---------
           D:1 |       0 |      28 |   0.0 |       0 |      17 |   0.0 |   983
           D:2 |       0 |      66 |   0.0 |       0 |      25 |   0.0 |   853
               +---------+---------+-------+---------+---------+-------+---------
